 Dungeon Crawl Stone Soup version 0.28.0 (webtiles) character file.

Game seed: 11449926162852187275

1899 jfcaron the Summoner (level 8, -4/57 HPs)
             Began as a Demigod Summoner on Feb 14, 2022.
             Engulfed by a steam dragon's steam (10 damage)
             ... on level 6 of the Dungeon.
             The game lasted 00:16:37 (4986 turns).

jfcaron the Summoner (Demigod Summoner)             Turns: 4986, Time: 00:16:38

Health: -4/57      AC:  6    Str: 15    XL:     8   Next: 62%
Magic:  15/20      EV: 11    Int: 25    God:
Gold:   145        SH:  0    Dex: 14    Spells: 6/19 levels left

rFire   . . .      SeeInvis .   b - +2 dagger (venom)
rCold   . . .      Faith    .   (no shield)
rNeg    . . .      Spirit   .   N - +0 leather armour "Jyojagg" {rPois}
rPois   +          Reflect  .   (no helmet)
rElec   .          Harm     .   g - +2 cloak
rCorr   .          Rampage  .   (no gloves)
Will    +....                   (no boots)
Stlth   ++........              f - amulet of regeneration
HPRegen 0.99/turn               c - ring of willpower
MPRegen 0.17/turn               j - +6 ring of strength

@: no status effects
A: high MP 1, forlorn, divine attributes
a: no special abilities


You were on level 6 of the Dungeon.
You visited 1 branch of the dungeon, and saw 6 of its levels.

You collected 320 gold pieces.
You spent 175 gold pieces at shops.

Inventory:

Hand Weapons
 a - a +0 spear
 b - a +2 dagger of venom (weapon)
 K - a +0 trident
 L - a +3 whip
Missiles
 e - 177 stones
 k - 124 arrows
 r - 41 sling bullets
 B - 59 bolts
 G - 12 poisoned darts
 I - a curare-tipped dart {!f}
Armour
 g - a +2 cloak (worn)
 n - a +0 robe
 N - the +0 leather armour "Jyojagg" (worn) {rPois}
   (You found it on level 5 of the Dungeon)

   rPois:     It protects you from poison.
Magical Staves
 H - a staff of air
 M - a staff of cold
Jewellery
 c - a ring of willpower (left hand)
 d - a ring of see invisible
 f - an amulet of regeneration (around neck)
 j - a +6 ring of strength (right hand)
 q - a ring of flight
 E - a ring of positive energy
Wands
 t - a wand of flame (23)
 x - a wand of iceblast (8)
 z - a wand of digging (4)
 O - a wand of paralysis (16)
Scrolls
 p - a scroll of torment {unknown}
 s - a scroll of summoning {unknown}
 u - a scroll of immolation {unknown}
 v - 4 scrolls of fear
 w - a scroll of fog
 y - a scroll of teleportation
 C - a scroll of magic mapping {unknown}
 D - a scroll of amnesia {unknown}
 F - 2 scrolls of vulnerability
 J - a scroll of silence {unknown}
Potions
 h - 2 potions of might
 i - a potion of flight
 l - 3 potions of heal wounds
 m - 2 potions of lignification
 o - 3 potions of curing {unknown}
 A - a potion of haste {unknown}
 P - a potion of degeneration {unknown}


   Skills:
 - Level 1.7 Dodging
 - Level 1.7 Stealth
 - Level 6.0 Spellcasting
 * Level 9.3 Summonings


You had 6 spell levels left.
You knew the following spells:

 Your Spells              Type           Power      Damage    Failure   Level
a - Summon Small Mammal   Summ           100%       N/A       1%          1
b - Call Imp              Summ           53%        N/A       1%          2
c - Call Canine Familiar  Summ           53%        N/A       1%          3
d - Summon Guardian Gole  Hex/Summ       31%        N/A       4%          3
e - Summon Lightning Spi  Summ/Air       31%        N/A       13%         4

Your spell library contained the following spells:

 Spells                   Type           Power      Damage    Failure   Level
 Blink                    Tloc           14%        N/A       14%         2
 Sublimation of Blood     Necr           7%         N/A       14%         2
 Wereblood                Tmut           7%         N/A       14%         2
 Lesser Beckoning         Tloc           7%         N/A       26%         3
 Manifold Assault         Tloc           7%         N/A       94%         5
 Summon Hydra             Summ           26%        N/A       86%         7


Dungeon Overview and Level Annotations

Branches:
Dungeon (6/15)             Temple (0/1) D:6

Shops:
D:3 ?


Innate Abilities, Weirdness & Mutations

You have an increased reservoir of magic. (+10% MP)
You shall have no god before yourself.
Your divine heritage dramatically boosts your attributes as you level up.


Message History

You closely miss the steam dragon.
The steam dragon is lightly wounded.
The steam dragon bites you. The steam dragon barely misses you.
You closely miss the steam dragon.
The steam dragon is lightly wounded.
The steam dragon breathes steam at you. The ball of steam hits you!
You barely miss the steam dragon.
The steam dragon is moderately wounded.
A bat comes into view.
The steam dragon breathes steam at you. The ball of steam hits you!
Unknown command.
The steam dragon bites you but does no damage.
The steam dragon claws you.
Casting: Call Imp (safe; 1% risk of failure)
Confirm with . or Enter, or press ? or * to list all spells.
The bat hits you. The steam dragon barely misses you.
The steam dragon claws you but does no damage.
Casting: Call Canine Familiar (safe; 1% risk of failure)
Confirm with . or Enter, or press ? or * to list all spells.
A beastly little devil appears in a puff of flame.
The bat hits you but does no damage. The steam dragon closely misses you.
The steam dragon claws you but does no damage.
You hit the steam dragon.
The steam dragon looks as sick as possible!
The steam dragon is heavily wounded.
The bat hits you but does no damage. x2; Your wolf misses the steam dragon.
A bat comes into view.
Your wolf misses the steam dragon. The steam dragon breathes steam at you.
The ball of steam hits you!
* * * LOW HITPOINT WARNING * * *
The ball of steam hits your crimson imp.
Your crimson imp resists.
You hit the steam dragon.
The steam dragon looks as sick as possible!
The steam dragon is severely wounded.
You are engulfed in a cloud of scalding steam.
You die...

†.....# #....# #
.......... #....#.#
............. ....#.#
....#........ .....# #
............#####..§[#.#.
............#............
............#.###.§§.....
............#.#.5§.......
...#.########.#h@........
..###.........#D.b..(....
..)###..#######..#.......
.#..#....##. ..###.......
))#.........##. .......
#.........#.##. .......
#...........##. <...b
...⌠....###.#.. ....
........# .#..


You could see a steam dragon (extremely poisoned, catching breath, ally target),
2 bats, a friendly wolf (summoned) and a friendly crimson imp (summoned).

Vanquished Creatures
  A two-headed ogre (D:5)
  A water moccasin (D:6)
  2 black bears
  An ice beast (D:5)
  A necrophage (D:5)
  An ogre (D:5)
  2 centaurs
  A kobold brigand (D:4)
  A scorpion (D:4)
  A hound (D:5)
  2 bullfrog skeletons
  Terence (D:3)
  Natasha (thrice) (D:3)
  2 iguanas
  A hound skeleton (D:4)
  7 gnolls
  7 adders
  A white imp (D:6)
  2 worms
  A dart slug (D:1)
  11 orcs
  7 ball pythons
  9 endoplasms
  A giant cockroach (D:4)
  9 goblins
  4 hobgoblins
  7 jackals
  4 quokkas
  8 bats
  A frilled lizard (D:3)
  6 kobolds
  6 rats
  3 plants (D:1)
115 creatures vanquished.

Notes
Turn   | Place    | Note
-------+----------+-------------------------------------------
     0 | D:1      | jfcaron the Demigod Summoner began the quest for the Orb.
     0 | D:1      | Reached XP level 1. HP: 14/14 MP: 5/5
   533 | D:1      | Reached XP level 2. HP: 20/20 MP: 4/7
   536 | D:1      | Learned a level 2 spell: Call Imp
   617 | D:1      | HP: 3/20 [gnoll (5)]
   619 | D:1      | Reached skill level 4 in Summonings
  1082 | D:2      | Reached XP level 3. HP: 14/26 MP: 4/9
  1092 | D:2      | Learned a level 3 spell: Call Canine Familiar
  1398 | D:2      | Reached XP level 4. HP: 32/33 MP: 4/11
  1784 | D:3      | Learned a level 3 spell: Summon Guardian Golem
  1949 | D:3      | Noticed Natasha
  1960 | D:3      | Killed Natasha
  2063 | D:3      | Found Kiraovag's Magic Scroll Boutique.
  2090 | D:3      | Bought a scroll of fear for 38 gold pieces
  2090 | D:3      | Bought a scroll of fog for 22 gold pieces
  2141 | D:3      | Noticed Terence
  2170 | D:3      | Killed Terence
  2171 | D:3      | Reached skill level 5 in Summonings
  2171 | D:3      | Reached XP level 5. HP: 38/38 MP: 6/13
  2690 | D:3      | Noticed Natasha
  2702 | D:3      | Killed Natasha
  2784 | D:3      | Noticed Natasha
  2795 | D:3      | Killed Natasha
  2820 | D:3      | Bought a scroll of teleportation for 33 gold pieces
  2832 | D:4      | Noticed a black bear
  3195 | D:4      | Reached XP level 6. HP: 45/45 MP: 7/15
  3463 | D:4      | Reached skill level 6 in Summonings
  3468 | D:4      | Learned a level 4 spell: Summon Lightning Spire
  3735 | D:3      | Bought a scroll of vulnerability for 82 gold pieces
  3779 | D:5      | Entered Level 5 of the Dungeon
  3813 | D:5      | Reached XP level 7. HP: 47/50 MP: 8/17
  3848 | D:5      | Identified the +0 leather armour "Jyojagg" {rPois}
  3922 | D:5      | Reached skill level 5 in Spellcasting
  3957 | D:5      | Noticed a two-headed ogre
  3998 | D:5      | Killed a two-headed ogre
  3999 | D:5      | Reached skill level 8 in Summonings
  3999 | D:5      | Reached XP level 8. HP: 57/57 MP: 5/20
  4737 | D:6      | Reached skill level 9 in Summonings
  4898 | D:6      | Found a staircase to the Ecumenical Temple.
  4985 | D:6      | HP: 6/57 [steam dragon/ball of steam (17)]
  4986 | D:6      | Engulfed by a steam dragon's steam

Illustrated notes

Levels and vault maps discovered:
D:1:      denvon_arrival_planthouse, layout_basic,
          hellmonk_ecumenical_altar_heavens_door
D:2:      layout_rooms
D:3:      layout_basic, serial_shops, nicolae_shop_hallway_plus, uniq_terence,
          uniq_natasha
D:4:      layout_rooms, hangedman_minor_gate_pass
D:5:      layout_basic, nzn_wu_jian_council_hall
D:6:      layout_rooms, grunt_temple_overflow_open, temple_fountains,
          serial_co_window_serial, co_window_paths_b,
          co_window_of_opportunity_a, co_window_corner_a, co_window_corner_a,
          co_window_paths_b, co_window_2corner, co_window_cross_2,
          co_window_corner_ca, co_window_paths_c, co_window_broadway_a,
          co_window_4corner_b, co_window_sun, minmay_misc_feat_pillars,
          roderic_batcave

Skill      XL: |  1  2  3  4  5  6  7  8 |
---------------+-------------------------+-----
Spellcasting   | 2 3 4 5 6 |  6.0
Summonings     | 4 5 6 8 9 |  9.3
Dodging        | |  1.7
Stealth        | |  1.7

Action                   |  1- 3 |  4- 6 |  7- 9 || total
-------------------------+-------+-------+-------++-------
Melee: Whip              |    11 |       |       ||    11
       Unarmed           |     4 |       |       ||     4
       Dagger            |    50 |     3 |    16 ||    69
       Spear             |     4 |   143 |    57 ||   204
       Punch             |     1 |     2 |     1 ||     4
       Staff             |       |     8 |       ||     8
Throw: Dart              |       |       |    13 ||    13
       Stone             |       |       |     1 ||     1
 Cast: Summon Small Mamm |    27 |    24 |     3 ||    54
       Call Imp          |     7 |    17 |     8 ||    32
       Call Canine Famil |     3 |    17 |    11 ||    31
  Use: Scroll            |     5 |     1 |       ||     6
 Stab: Distracted        |     1 |     3 |       ||     4
       Sleeping          |     1 |     5 |     2 ||     8
Armor: Robe              |    15 |     8 |       ||    23
       Leather armour    |       |    15 |    32 ||    47
Dodge: Dodged            |    57 |    63 |    51 ||   171
